 Dungeon Crawl Stone Soup version 0.29.0-4-gdea44cf6ec (webtiles) character file.

Game seed: 17817290913080920973

47 apoch the Cudgeller (level 3, -2/23 HPs)
             Began as a Gargoyle Fighter on Aug 28, 2022.
             Was a Follower of Cheibriados.
             Slain by a gnoll
             ... wielding a +0 spear
              (7 damage)
             ... on level 3 of the Dungeon.
             The game lasted 00:03:06 (2281 turns).

apoch the Cudgeller (Gargoyle Fighter)              Turns: 2281, Time: 00:03:06

Health: -2/23      AC: 13    Str: 24    XL:     3   Next: 70%
Magic:  3/3        EV:  9    Int: 11    God:    Cheibriados [*.....]
Gold:   75         SH:  5    Dex: 18    Spells: 2/2 levels left

rFire   . . .      SeeInvis .   a - +0 flail
rCold   . . .      Faith    .   c - +0 buckler
rNeg    + . .      Spirit   .   b - +0 scale mail
rPois   ∞          Reflect  .   x - +0 hat
rElec   +          Harm     .   g - +2 cloak
rCorr   .          Rampage  .   (no gloves)
Will    +....                   (no boots)
Stlth   ..........              (no amulet)
HPRegen 0.07/turn               v - ring of willpower
MPRegen 0.08/turn               e - +6 ring of dexterity

@: very slow
A: sickness immunity, AC +3, negative energy resistance 1, electricity
resistance, torment resistance 1, petrification resistance
a: Renounce Religion, Bend Time


You were on level 3 of the Dungeon.
You worshipped Cheibriados.
Cheibriados was aware of your devotion.
You visited 1 branch of the dungeon, and saw 3 of its levels.

You collected 75 gold pieces.

Inventory:

Hand Weapons
 a - a +0 flail (weapon)
Missiles
 j - 2 poisoned darts
 l - 3 javelins (quivered)
 t - 5 stones
Armour
 b - a +0 scale mail (worn)
 c - a +0 buckler (worn)
 g - a +2 cloak (worn)
 x - a +0 hat (worn)
Jewellery
 e - a +6 ring of dexterity (right hand)
 v - a ring of willpower (left hand)
Scrolls
 f - 6 scrolls of teleportation {unknown}
 i - 2 scrolls of torment {unknown}
 m - a scroll of noise {unknown}
 n - 3 scrolls of identify {unknown}
 q - a scroll of butterflies {unknown}
 s - a scroll of amnesia {unknown}
 u - a scroll of poison {unknown}
 w - a scroll of fear {unknown}
Potions
 d - a potion of might
 h - a potion of ambrosia {unknown}
 k - a potion of lignification {unknown}
 o - a potion of invisibility {unknown}
 p - 2 potions of curing {unknown}
 r - a potion of degeneration {unknown}


   Skills:
 + Level 3.4 Fighting
 * Level 3.5 Maces & Flails
 + Level 3.4 Armour
 + Level 0.1 Dodging
 - Level 3.2 Shields
 * Level 0.6 Invocations


You had 2 spell levels left.
You didn't know any spells.
Your spell library contained the following spells:

 Spells                   Type           Power      Damage    Failure   Level
 Wereblood                Tmut           0%         N/A       86%         2
 Summon Hydra             Summ           0%         N/A       100%        7
 Sublimation of Blood     Necr           Unusable   N/A       N/A         2

Dungeon Overview and Level Annotations

Branches:
Dungeon (3/15)

Altars:
Cheibriados

Annotations:
D:1 1 transporter


Innate Abilities, Weirdness & Mutations

You are immune to sickness and miasma.
Your stone body is resilient. (AC +3)
You are immune to poison.
You resist negative energy. (rN+)
You are resistant to electric shocks. (rElec)
You are resistant to unholy torment.
You are immune to petrification.


Message History

You feel agile.
e - a +6 ring of dexterity (right hand)
l - 5 javelins (gained 1)
w - a scroll labelled FOFARE OPRAL
Found a hat.
You see here a +0 hat.
x - a +0 hat You start putting on your armour.
You continue putting on your +0 hat. x4
You finish putting on your +0 hat.
Unknown command. 2 gnolls come into view.
The gnoll shouts! x2; You hear a shout!
The gnoll hits you but does no damage.
You throw a javelin. The javelin pierces through the gnoll.
The gnoll is lightly wounded.
A gnoll comes into view. It is wielding a +0 spear.
You block the gnoll's attack.
The gnoll hits you from afar with a +0 spear.
You throw a javelin. The javelin pierces through the gnoll.
The gnoll is heavily wounded.
The gnoll hits you from afar with a +0 spear.
The gnoll closely misses you.
You are too injured to fight recklessly!
You are too injured to fight recklessly!
You are too injured to fight recklessly!
You are too injured to fight recklessly!
The gnoll barely misses you. x2
You barely miss the gnoll.
The gnoll is heavily wounded.
You block the gnoll's attack. The gnoll closely misses you. x2
You hit the gnoll.
The gnoll is severely wounded.
The gnoll barely misses you. The gnoll hits you with a +0 spear.
The gnoll closely misses you.
You hit the gnoll.
The gnoll is severely wounded.
The gnoll barely misses you. The gnoll hits you with a +0 spear.
* * * LOW HITPOINT WARNING * * *
The gnoll hits you from afar with a +0 spear!
You die...

#####
....(.#####
.....gg@..#
#####g##.##
# #.# #.#
#.# #.# #.#
#.# #.#


You could see 3 gnolls.

Vanquished Creatures
  An adder (D:3)
  A dart slug (D:1)
  A ball python (D:2)
  3 bats
  4 endoplasms
  A giant cockroach (D:2)
  7 goblins
  A hobgoblin (D:1)
  4 kobolds
  4 quokkas
  2 frilled lizards
  2 rats (D:1)
31 creatures vanquished.

Notes
Turn   | Place    | Note
-------+----------+-------------------------------------------
     0 | D:1      | apoch the Gargoyle Fighter began the quest for the Orb.
     0 | D:1      | Reached XP level 1. HP: 14/14 MP: 1/1
   202 | D:1      | Reached XP level 2. HP: 19/19 MP: 2/2
   846 | D:1      | Found a faded altar of an unknown god.
   888 | D:1      | Reached XP level 3. HP: 14/23 MP: 3/3
   893 | D:1      | Prayed at the altar of an unknown god.
   893 | D:1      | Became a worshipper of Cheibriados the Contemplative
   893 | D:1      | Reached * piety under Cheibriados
  2281 | D:3      | Slain by a gnoll

Illustrated notes

Levels and vault maps discovered:
D:1:      spicycebolla_arrival_risky_transporter, layout_basic,
          shapermc_ecumenical_altar_ellora
D:2:      layout_basic
D:3:      layout_basic, dk_yredelemnul_ordeal, minmay_goblin_kobold_house

Skill      XL: |  1  2 |
---------------+-------+-----
Maces & Flails | 3 |  3.5
Fighting       | |  3.4
Armour         | |  3.4
Dodging        | |  0.1
Shields        | |  3.2
Invocations    | |  0.6

Action                   || total
-------------------------++-------
Melee: Flail             ||    74
Throw: Stone             ||    13
       Dart              ||     8
       Javelin           ||    13
Armor: Scale mail        ||    48
Dodge: Dodged            ||    45
Block: Buckler           ||    20
